AoeStats
← DiaperMoogletism

Arabia

509622126Analyzed
1v1 RM · 6d ago on Sep 27, 2026· 26m 0s· 2 players
Game mode
Random Map
Map size
Tiny (2 player)
Population
200
Speed
Normal
Resources
Standard
Victory
Conquest
Starting age
Dark Age
Ending age
Imperial Age
RankedLock teamsTeams togetherTeam positionsShared explorationLock speedFull tech treeHidden civsTurbo modeCheats
Victory
Defeat
🇺🇸 Turks · United States
628
+17
🇳🇱 Tatars · Netherlands
644
-17
DiaperMoogletism
7:09 Loom
12:44 Feudal Age
12:46 Man-at-Arms
17:41 Bloodlines
22:32 Forging
Rashad
4:43 Loom
9:44 Feudal Age
14:31 Town Watch
22:01 Fletching
Connection lost

Rejoining the realm…

Still unreachable

The connection could not be restored.

Session expired

The server has moved on; the page needs a fresh start.